Oilers vs Rangers

Created - November 13, 2016 at 10:21

Goals
1 2 3 T
Oilers 0 2 1 3
Rangers 2 0 2 4
Shots
1 2 3 T
Oilers 12 16 9 37
Rangers 8 8 16 32

1st period

1. Rangers , Connor McDavid 8 (Alex Goligoski, Jaromir Jagr) at 7:24 (PP)
2. Rangers , Sean Couturier 3 (Matt Calvert, Karl Alzner) at 16:04

Penalties :
Matt Read (EDM) for Hooking (Minor) at 6:51, Benoit Pouliot (NYR) for Tripping (Minor) at 11:52, Mattias Ekholm (EDM) for Interference (Minor) at 17:52

2nd period

3. Oilers , Brad Marchand 13 (Aleksander Barkov, Blake Wheeler) at 6:14
4. Oilers , Jay Beagle 3 (Marc-Edouard Vlasic) at 11:08

Penalties :
Alex Goligoski (NYR) for Roughing (Minor) at 0:36, Kris Russell (NYR) for High sticking (Minor) at 8:36

3rd period

5. Rangers , Benoit Pouliot 6 (Brad Richards, Chris Tanev) at 1:03
6. Rangers , Brad Richards 1 (Benoit Pouliot, Jaromir Jagr) at 5:57
7. Oilers , Marco Scandella 1 (Bo Horvat) at 16:10

Penalties :
Scottie Upshall (EDM) for Hooking (Minor) at 10:44

Goalie Stats

Martin Jones (EDM), 28 saves from 32 shots - (0.875), L, 14-2-0, 59:23 minutes
Brian Elliott (NYR), 34 saves from 37 shots - (0.919), W, 6-12-0, 60:00 minutes

Players Stats for Oilers

Player Name              G  A  P  +/- PIM S  H  SB GA TA FO     MP     PP MP  PK MP  
------------------------------------------------------------------------------------
Aleksander Barkov        0  1  1   0  0   1  0  1  0  0  21/32  22:12   3:02   2:48 
Alex Petrovic            0  0  0  -1  0   0  2  0  0  0  0/0    16:37   0:00   0:02 
Blake Wheeler            0  1  1   0  0   4  3  0  0  0  0/0    19:24   3:02   0:00 
Bo Horvat                0  1  1  -1  0   2  1  0  0  0  15/23  18:41   2:55   0:00 
Brad Marchand            1  0  1   0  0   4  0  0  0  0  0/1    21:07   3:02   1:43 
Brian Campbell           0  0  0   0  0   0  0  1  0  0  0/0    21:27   3:10   1:54 
Dominic Moore            0  0  0   0  0   0  0  0  0  0  1/5     4:53   0:00   0:25 
Jannik Hansen            0  0  0  -1  0   2  0  1  0  0  0/0    18:41   2:55   0:00 
Jay Beagle               1  0  1   1  0   5  3  0  0  0  9/18   14:39   0:00   1:43 
Justin Williams          0  0  0   1  0   3  0  0  0  0  1/1    15:51   2:55   0:00 
Marc-Edouard Vlasic      0  1  1   1  0   3  3  0  0  0  0/0    21:28   2:47   1:54 
Marco Scandella          1  0  1   0  0   2  0  3  0  0  0/0    21:55   3:10   2:35 
Matt Read                0  0  0   1  2   5  1  1  0  0  1/1    12:55   0:00   0:00 
Matthew Nieto            0  0  0   0  0   0  0  0  0  0  0/0     4:28   0:00   0:00 
Mattias Ekholm           0  0  0   1  2   1  1  2  0  0  0/0    21:03   2:47   1:43 
Michael Grabner          0  0  0  -1  0   3  1  0  0  0  1/2    18:09   0:00   2:23 
Nicklas Grossmann        0  0  0  -1  0   1  2  1  0  0  0/0    17:29   0:00   0:54 
Scottie Upshall          0  0  0   0  2   1  1  1  0  0  0/0     4:27   0:00   0:00 

Players Stats for Rangers

Player Name              G  A  P  +/- PIM S  H  SB GA TA FO     MP     PP MP  PK MP  
------------------------------------------------------------------------------------
Alex Goligoski           0  1  1  -1  2   1  0  0  0  0  0/0    23:14   1:50   2:14 
Benoit Pouliot           1  1  2   1  2   5  1  0  0  0  0/2    16:56   2:31   0:00 
Brad Richards            1  1  2   0  0   5  2  1  0  0  10/23  19:37   0:00   0:18 
Cedric Paquette          0  0  0  -1  0   0  1  0  0  0  2/2     7:53   2:08   0:00 
Chris Tanev              0  1  1   2  0   0  1  1  0  0  0/0    23:03   2:41   3:13 
Connor McDavid           1  0  1  -1  0   2  0  0  0  0  14/32  23:31   2:23   1:52 
Craig Smith              0  0  0  -1  0   1  0  0  0  0  0/3    19:59   0:43   0:00 
Fredrik Claesson         0  0  0  -1  0   1  0  2  0  0  0/0    16:13   1:50   1:11 
Jaromir Jagr             0  2  2   1  0   2  1  0  0  0  3/9    20:36   2:23   3:47 
Joel Edmundson           0  0  0  -1  0   1  5  0  0  0  0/0    13:12   0:00   0:00 
Karl Alzner              0  1  1  -1  0   2  0  1  0  0  0/0    22:30   0:00   3:19 
Kris Russell             0  0  0   2  2   1  1  2  0  0  0/0    21:46   2:41   1:57 
Mark Letestu             0  0  0  -1  0   1  0  0  0  0  0/0     6:45   0:00   1:52 
Matt Calvert             0  1  1   1  0   2  1  0  0  0  0/1    16:42   1:59   3:46 
Nick Schultz             0  0  0   0  0   0  0  0  0  0  0/0     0:00   0:00   0:00 
Sean Couturier           1  0  1   1  0   2  0  1  0  0  5/11   10:57   0:00   0:00 
Tomas Tatar              0  0  0  -1  0   3  0  0  0  0  0/0    20:09   1:26   0:19 
Tyler Ennis              0  0  0   1  0   3  2  0  0  0  0/0    10:57   0:00   0:00 

3 Stars

1 - Brad Richards (NYR)
2 - Jay Beagle (EDM)
3 - Benoit Pouliot (NYR)

Power Play

Oilers - 0 on 3 Attempt(s) - 0.00%
Rangers - 1 on 3 Attempt(s) - 33.33%

Penalty Kill

Oilers - 2 on 3 Attempt(s) - 66.67% - Score 0 goal in Penalty Kill
Rangers - 3 on 3 Attempt(s) - 100.00% - Score 0 goal in Penalty Kill

Team Stat

Oilers - Hits : 18 - Faceoff Wins : 49 - Blocked Shots : 11 - Penalty Minutes : 6
Rangers - Hits : 15 - Faceoff Wins : 34 - Blocked Shots : 8 - Penalty Minutes : 6

Official

Referees : Jean Hebert and Brian Pochmara
Linesman : Trent Knorr and Ryan Gibbons

Game Notes

No Game Note

Finance

Level 1 -- Attendance: 4645 (71.46%) -- Ticket Income $580,625
Level 2 -- Attendance: 4458 (89.16%) -- Ticket Income $334,350
Level 3 -- Attendance: 3356 (95.89%) -- Ticket Income $167,800
Level 4 -- Attendance: 2006 (100.00%) -- Ticket Income $50,150
Luxury Box -- Attendance: 773 (77.30%) -- Ticket Income $193,250
Game was played at the Madison Square Garden.
Total Attendance: 15238 (84.63%)
Total Ticket Income: $1,326,175
Other Income: $198,926
Total Income: $1,525,101

% Time on Ice - Oilers

Lines # - Real PCT - Wanted PCT - Time Play
Normal Forward
1 - 32% - 34% - 15:38
2 - 32% - 32% - 15:46
3 - 27% - 27% - 12:56
4 - 9% - 7% - 4:28
Normal Defense
1 - 32% - 34% - 15:39
2 - 33% - 33% - 16:10
3 - 34% - 33% - 16:35
4 - 1% - 0% - 0:24
PP Forward
1 - 51% - 60% - 3:02
2 - 49% - 40% - 2:55
PP Defense
1 - 47% - 50% - 2:47
2 - 53% - 50% - 3:10
PK Forward
1 - 62% - 55% - 2:48
2 - 38% - 45% - 1:43
PK Defense
1 - 43% - 50% - 1:56
2 - 57% - 50% - 2:35
PK3 Forward
1 - 0% - 60%
2 - 0% - 40%
PK3 Defense
1 - 0% - 50%
2 - 0% - 50%
44 Forward
1 - 0% - 50%
2 - 0% - 50%
44 Defense
1 - 0% - 50%
2 - 0% - 50%
Last Minute Offensive  - 0:44
Last Minute Defensive  - 0:00
Total
Forward - 60:00
Defense - 60:00

% Time on Ice - Rangers

Lines # - Real PCT - Wanted PCT - Time Play
Normal Forward
1 - 38% - 40% - 18:24
2 - 30% - 30% - 14:26
3 - 23% - 20% - 10:57
4 - 10% - 10% - 4:53
Normal Defense
1 - 35% - 40% - 17:07
2 - 35% - 30% - 17:09
3 - 27% - 20% - 13:12
4 - 2% - 10% - 1:12
PP Forward
1 - 53% - 60% - 2:23
2 - 47% - 40% - 2:08
PP Defense
1 - 59% - 60% - 2:41
2 - 41% - 40% - 1:50
PK Forward
1 - 69% - 60% - 4:05
2 - 31% - 40% - 1:52
PK Defense
1 - 66% - 60% - 3:56
2 - 34% - 40% - 2:01
PK3 Forward
1 - 0% - 60%
2 - 0% - 40%
PK3 Defense
1 - 0% - 60%
2 - 0% - 40%
44 Forward
1 - 0% - 60%
2 - 0% - 40%
44 Defense
1 - 0% - 60%
2 - 0% - 40%
Last Minute Offensive  - 0:00
Last Minute Defensive  - 0:52
Total
Forward - 60:00
Defense - 60:00

Play by Play

1st period


0:01 of 1st period - Aleksander Barkov wins face-off versus Connor McDavid in neutral zone.
0:56 of 1st period - Jaromir Jagr is hit by Blake Wheeler and loses puck.
1:06 of 1st period - Off-side.
1:07 of 1st period - Jay Beagle wins face-off versus Sean Couturier in neutral zone.
1:11 of 1st period - Jay Beagle is hit by Joel Edmundson and loses puck.
1:21 of 1st period - Matt Read is hit by Joel Edmundson and loses puck.
2:33 of 1st period - Jannik Hansen is hit by Joel Edmundson and loses puck.
2:37 of 1st period - Michael Grabner is hit by Joel Edmundson and loses puck.
2:44 of 1st period - Shot by Michael Grabner.
2:44 of 1st period - Stopped by Brian Elliott without a rebound.
2:45 of 1st period - Brad Richards wins face-off versus Dominic Moore in Rangers zone.
2:56 of 1st period - Shot by Benoit Pouliot.
2:56 of 1st period - Shot Misses the Net.
3:00 of 1st period - Shot by Brad Richards.
3:00 of 1st period - Stopped by Martin Jones without a rebound.
3:01 of 1st period - Aleksander Barkov wins face-off versus Connor McDavid in Oilers zone.
3:29 of 1st period - Icing by Tomas Tatar.
3:30 of 1st period - Bo Horvat wins face-off versus Connor McDavid in Rangers zone.
3:33 of 1st period - Shot by Jannik Hansen.
3:33 of 1st period - Shot Misses the Net.
4:23 of 1st period - Shot by Jaromir Jagr.
4:23 of 1st period - Shot Misses the Net.
4:25 of 1st period - Shot by Jaromir Jagr.
4:25 of 1st period - Shot Misses the Net.
4:27 of 1st period - Shot by Benoit Pouliot.
4:27 of 1st period - Shot Misses the Net.
4:29 of 1st period - Shot by Jaromir Jagr.
4:29 of 1st period - Deflect By Benoit Pouliot.
4:29 of 1st period - Stopped by Martin Jones with a rebound.
4:39 of 1st period - Shot by Jaromir Jagr.
4:39 of 1st period - Stopped by Martin Jones without a rebound.
4:40 of 1st period - Justin Williams wins face-off versus Sean Couturier in Oilers zone.
5:06 of 1st period - Shot by Justin Williams.
5:06 of 1st period - Stopped by Brian Elliott with a rebound.
5:08 of 1st period - Shot by Nicklas Grossmann.
5:08 of 1st period - Stopped by Brian Elliott without a rebound.
5:09 of 1st period - Brad Richards wins face-off versus Aleksander Barkov in Rangers zone.
5:31 of 1st period - Shot by Brad Marchand.
5:31 of 1st period - Shot Blocked by Brad Richards.
5:33 of 1st period - Shot by Blake Wheeler.
5:33 of 1st period - Shot Misses the Net.
5:51 of 1st period - Blake Wheeler is hit by Cedric Paquette and loses puck.
6:51 of 1st period - Minor Penalty to Matt Read for Hooking.
6:52 of 1st period - Aleksander Barkov wins face-off versus Connor McDavid in Oilers zone.
6:52 of 1st period - Aleksander Barkov is hit by Jaromir Jagr.
7:16 of 1st period - Shot by Connor McDavid.
7:16 of 1st period - Shot Misses the Net.
7:20 of 1st period - Shot by Jaromir Jagr.
7:20 of 1st period - Shot Misses the Net.
7:22 of 1st period - Shot by Alex Goligoski.
7:22 of 1st period - Shot Misses the Net.
7:24 of 1st period - Shot by Connor McDavid.
7:24 of 1st period - Goal by Connor McDavid - Oilers : 0 - Rangers : 1.
7:25 of 1st period - Dominic Moore wins face-off versus Sean Couturier in neutral zone.
7:25 of 1st period - Dominic Moore is hit by Matt Calvert.
7:48 of 1st period - Shot by Scottie Upshall.
7:48 of 1st period - Stopped by Brian Elliott without a rebound.
7:49 of 1st period - Brad Richards wins face-off versus Jay Beagle in Rangers zone.
7:49 of 1st period - Brad Richards is hit by Jay Beagle.
8:06 of 1st period - Shot by Justin Williams.
8:06 of 1st period - Deflect By Jay Beagle.
8:06 of 1st period - Shot Misses the Net.
8:18 of 1st period - Shot by Brad Richards.
8:18 of 1st period - Stopped by Martin Jones without a rebound.
8:19 of 1st period - Bo Horvat wins face-off versus Connor McDavid in Oilers zone.
8:24 of 1st period - Karl Alzner is hit by Michael Grabner and loses puck.
8:36 of 1st period - Shot by Bo Horvat.
8:36 of 1st period - Shot Misses the Net.
8:38 of 1st period - Shot by Michael Grabner.
8:38 of 1st period - Shot Misses the Net.
8:54 of 1st period - Off-side.
8:55 of 1st period - Aleksander Barkov wins face-off versus Brad Richards in neutral zone.
9:25 of 1st period - Brad Marchand is hit by Benoit Pouliot and loses puck.
10:00 of 1st period - Shot by Matt Calvert.
10:00 of 1st period - Stopped by Martin Jones without a rebound.
10:01 of 1st period - Michael Grabner wins face-off versus Connor McDavid in Oilers zone.
10:17 of 1st period - Shot by Michael Grabner.
10:17 of 1st period - Stopped by Brian Elliott with a rebound.
10:19 of 1st period - Shot by Marc-Edouard Vlasic.
10:19 of 1st period - Shot Misses the Net.
11:52 of 1st period - Minor Penalty to Benoit Pouliot for Tripping.
11:53 of 1st period - Aleksander Barkov wins face-off versus Jaromir Jagr in Rangers zone.
11:54 of 1st period - Shot by Marc-Edouard Vlasic.
11:54 of 1st period - Shot Misses the Net.
12:15 of 1st period - Shot by Aleksander Barkov.
12:15 of 1st period - Shot Misses the Net.
12:17 of 1st period - Shot by Marc-Edouard Vlasic.
12:17 of 1st period - Stopped by Brian Elliott without a rebound.
12:18 of 1st period - Jaromir Jagr wins face-off versus Bo Horvat in Rangers zone.
13:42 of 1st period - Shot by Blake Wheeler.
13:42 of 1st period - Stopped by Brian Elliott without a rebound.
13:43 of 1st period - Jaromir Jagr wins face-off versus Aleksander Barkov in Rangers zone.
14:51 of 1st period - Mark Letestu is hit by Bo Horvat and loses puck.
15:02 of 1st period - Shot by Jannik Hansen.
15:02 of 1st period - Shot Blocked by Kris Russell.
15:04 of 1st period - Shot by Michael Grabner.
15:04 of 1st period - Stopped by Brian Elliott with a rebound.
16:04 of 1st period - Shot by Matt Calvert.
16:04 of 1st period - Deflect By Sean Couturier.
16:04 of 1st period - Goal by Sean Couturier - Oilers : 0 - Rangers : 2.
16:05 of 1st period - Connor McDavid wins face-off versus Aleksander Barkov in neutral zone.
16:10 of 1st period - Shot by Tomas Tatar.
16:10 of 1st period - Stopped by Martin Jones without a rebound.
16:11 of 1st period - Aleksander Barkov wins face-off versus Connor McDavid in Oilers zone.
16:11 of 1st period - Blake Wheeler is hit by Joel Edmundson and loses puck.
16:22 of 1st period - Shot by Blake Wheeler.
16:22 of 1st period - Shot Misses the Net.
16:45 of 1st period - Shot by Aleksander Barkov.
16:45 of 1st period - Shot Misses the Net.
16:47 of 1st period - Shot by Marco Scandella.
16:47 of 1st period - Stopped by Brian Elliott without a rebound.
16:48 of 1st period - Jay Beagle wins face-off versus Brad Richards in Rangers zone.
16:49 of 1st period - Shot by Matt Read.
16:49 of 1st period - Stopped by Brian Elliott with a rebound.
16:51 of 1st period - Shot by Jay Beagle.
16:51 of 1st period - Stopped by Brian Elliott without a rebound.
16:52 of 1st period - Jay Beagle wins face-off versus Brad Richards in Rangers zone.
17:27 of 1st period - Shot by Matt Read.
17:27 of 1st period - Stopped by Brian Elliott without a rebound.
17:28 of 1st period - Aleksander Barkov wins face-off versus Connor McDavid in Rangers zone.
17:35 of 1st period - Shot by Blake Wheeler.
17:35 of 1st period - Shot Blocked by Kris Russell.
17:49 of 1st period - Shot by Craig Smith.
17:49 of 1st period - Shot Misses the Net.
17:52 of 1st period - Minor Penalty to Mattias Ekholm for Interference.
17:53 of 1st period - Cedric Paquette wins face-off versus Aleksander Barkov in Oilers zone.
18:35 of 1st period - Off-side.
18:36 of 1st period - Aleksander Barkov wins face-off versus Connor McDavid in neutral zone.
18:45 of 1st period - Shot by Chris Tanev.
18:45 of 1st period - Shot Hit the Post.
18:52 of 1st period - Icing by Kris Russell.
18:53 of 1st period - Jay Beagle wins face-off versus Connor McDavid in Rangers zone.
19:01 of 1st period - Icing by Kris Russell.
19:02 of 1st period - Connor McDavid wins face-off versus Aleksander Barkov in Rangers zone.
Goals for this period are 0 for Oilers vs 2 for Rangers.
Shots for this period are 12 for Oilers vs 8 for Rangers.

2nd period


0:01 of 2nd period - Aleksander Barkov wins face-off versus Brad Richards in neutral zone.
0:01 of 2nd period - Aleksander Barkov is hit by Brad Richards.
0:15 of 2nd period - Shot by Blake Wheeler.
0:15 of 2nd period - Shot Misses the Net.
0:17 of 2nd period - Shot by Mattias Ekholm.
0:17 of 2nd period - Shot Misses the Net.
0:35 of 2nd period - Shot by Brad Marchand.
0:35 of 2nd period - Stopped by Brian Elliott with a rebound.
0:36 of 2nd period - Minor Penalty to Alex Goligoski for Roughing.
0:37 of 2nd period - Bo Horvat wins face-off versus Jaromir Jagr in Rangers zone.
0:40 of 2nd period - Shot by Jannik Hansen.
0:40 of 2nd period - Shot Misses the Net.
0:42 of 2nd period - Shot by Marco Scandella.
0:42 of 2nd period - Shot Misses the Net.
0:44 of 2nd period - Shot by Bo Horvat.
0:44 of 2nd period - Stopped by Brian Elliott with a rebound.
0:46 of 2nd period - Shot by Jannik Hansen.
0:46 of 2nd period - Stopped by Brian Elliott with a rebound.
0:48 of 2nd period - Shot by Justin Williams.
0:48 of 2nd period - Stopped by Brian Elliott without a rebound.
0:49 of 2nd period - Bo Horvat wins face-off versus Jaromir Jagr in Rangers zone.
1:07 of 2nd period - Off-side.
1:08 of 2nd period - Jaromir Jagr wins face-off versus Aleksander Barkov in neutral zone.
1:25 of 2nd period - Shot by Aleksander Barkov.
1:25 of 2nd period - Shot Misses the Net.
1:31 of 2nd period - Shot by Blake Wheeler.
1:31 of 2nd period - Shot Misses the Net.
1:33 of 2nd period - Shot by Brad Marchand.
1:33 of 2nd period - Stopped by Brian Elliott without a rebound.
1:34 of 2nd period - Bo Horvat wins face-off versus Jaromir Jagr in Rangers zone.
1:41 of 2nd period - Shot by Mattias Ekholm.
1:41 of 2nd period - Shot Misses the Net.
2:03 of 2nd period - Shot by Mattias Ekholm.
2:03 of 2nd period - Stopped by Brian Elliott without a rebound.
2:04 of 2nd period - Aleksander Barkov wins face-off versus Matt Calvert in Rangers zone.
2:19 of 2nd period - Shot by Brad Marchand.
2:19 of 2nd period - Shot Misses the Net.
2:21 of 2nd period - Shot by Blake Wheeler.
2:21 of 2nd period - Stopped by Brian Elliott without a rebound.
2:22 of 2nd period - Connor McDavid wins face-off versus Bo Horvat in Rangers zone.
2:45 of 2nd period - Connor McDavid is hit by Scottie Upshall.
3:00 of 2nd period - Craig Smith is hit by Alex Petrovic and loses puck.
3:09 of 2nd period - Shot by Tomas Tatar.
3:09 of 2nd period - Shot Misses the Net.
3:11 of 2nd period - Shot by Craig Smith.
3:11 of 2nd period - Stopped by Martin Jones without a rebound.
3:12 of 2nd period - Bo Horvat wins face-off versus Brad Richards in Oilers zone.
3:55 of 2nd period - Icing by Mattias Ekholm.
3:56 of 2nd period - Sean Couturier wins face-off versus Bo Horvat in Oilers zone.
4:32 of 2nd period - Shot by Aleksander Barkov.
4:32 of 2nd period - Stopped by Brian Elliott without a rebound.
4:33 of 2nd period - Connor McDavid wins face-off versus Jay Beagle in Rangers zone.
4:54 of 2nd period - Shot by Tomas Tatar.
4:54 of 2nd period - Deflect By Connor McDavid.
4:54 of 2nd period - Shot Blocked by Nicklas Grossmann.
5:13 of 2nd period - Icing by Justin Williams.
5:14 of 2nd period - Jay Beagle wins face-off versus Brad Richards in Oilers zone.
5:19 of 2nd period - Alex Goligoski is hit by Matt Read and loses puck.
5:42 of 2nd period - Shot by Benoit Pouliot.
5:42 of 2nd period - Shot Misses the Net.
6:10 of 2nd period - Shot by Aleksander Barkov.
6:10 of 2nd period - Shot Misses the Net.
6:12 of 2nd period - Shot by Aleksander Barkov.
6:12 of 2nd period - Shot Misses the Net.
6:14 of 2nd period - Shot by Brad Marchand.
6:14 of 2nd period - Goal by Brad Marchand - Oilers : 1 - Rangers : 2.
6:15 of 2nd period - Connor McDavid wins face-off versus Michael Grabner in neutral zone.
6:18 of 2nd period - Shot by Tomas Tatar.
6:18 of 2nd period - Shot Blocked by Jannik Hansen.
6:20 of 2nd period - Shot by Tomas Tatar.
6:20 of 2nd period - Shot Misses the Net.
6:22 of 2nd period - Shot by Tomas Tatar.
6:22 of 2nd period - Shot Blocked by Mattias Ekholm.
6:26 of 2nd period - Shot by Tomas Tatar.
6:26 of 2nd period - Shot Blocked by Marco Scandella.
6:28 of 2nd period - Shot by Kris Russell.
6:28 of 2nd period - Stopped by Martin Jones with a rebound.
6:56 of 2nd period - Shot by Connor McDavid.
6:56 of 2nd period - Shot Misses the Net.
7:34 of 2nd period - Shot by Tyler Ennis.
7:34 of 2nd period - Stopped by Martin Jones without a rebound.
7:35 of 2nd period - Aleksander Barkov wins face-off versus Brad Richards in Oilers zone.
7:52 of 2nd period - Shot by Brad Richards.
7:52 of 2nd period - Stopped by Martin Jones with a rebound.
8:08 of 2nd period - Shot by Brad Richards.
8:08 of 2nd period - Shot Blocked by Aleksander Barkov.
8:10 of 2nd period - Shot by Brad Richards.
8:10 of 2nd period - Stopped by Martin Jones without a rebound.
8:11 of 2nd period - Matt Read wins face-off versus Connor McDavid in Oilers zone.
8:16 of 2nd period - Shot by Jay Beagle.
8:16 of 2nd period - Stopped by Brian Elliott without a rebound.
8:17 of 2nd period - Connor McDavid wins face-off versus Jay Beagle in Rangers zone.
8:17 of 2nd period - Connor McDavid is hit by Jay Beagle.
8:36 of 2nd period - Minor Penalty to Kris Russell for High sticking.
8:37 of 2nd period - Aleksander Barkov wins face-off versus Jaromir Jagr in Rangers zone.
10:01 of 2nd period - Icing by Marc-Edouard Vlasic.
10:02 of 2nd period - Bo Horvat wins face-off versus Jaromir Jagr in Oilers zone.
10:13 of 2nd period - Shot by Bo Horvat.
10:13 of 2nd period - Shot Hit the Post.
10:15 of 2nd period - Shot by Marc-Edouard Vlasic.
10:15 of 2nd period - Stopped by Brian Elliott with a rebound.
10:17 of 2nd period - Shot by Mattias Ekholm.
10:17 of 2nd period - Shot Blocked by Chris Tanev.
10:19 of 2nd period - Shot by Justin Williams.
10:19 of 2nd period - Stopped by Brian Elliott without a rebound.
10:20 of 2nd period - Aleksander Barkov wins face-off versus Connor McDavid in Rangers zone.
10:27 of 2nd period - Shot by Aleksander Barkov.
10:27 of 2nd period - Shot Blocked by Fredrik Claesson.
10:52 of 2nd period - Icing by Joel Edmundson.
10:53 of 2nd period - Connor McDavid wins face-off versus Jay Beagle in Rangers zone.
11:08 of 2nd period - Shot by Jay Beagle.
11:08 of 2nd period - Goal by Jay Beagle - Oilers : 2 - Rangers : 2.
11:09 of 2nd period - Brad Richards wins face-off versus Brad Marchand in neutral zone.
11:11 of 2nd period - Karl Alzner is hit by Nicklas Grossmann and loses puck.
12:03 of 2nd period - Blake Wheeler is hit by Kris Russell and loses puck.
12:29 of 2nd period - Off-side.
12:30 of 2nd period - Sean Couturier wins face-off versus Jay Beagle in neutral zone.
12:35 of 2nd period - Matt Calvert is hit by Jay Beagle and loses puck.
13:11 of 2nd period - Off-side.
13:12 of 2nd period - Brad Richards wins face-off versus Bo Horvat in neutral zone.
13:19 of 2nd period - Shot by Benoit Pouliot.
13:19 of 2nd period - Shot Misses the Net.
13:31 of 2nd period - Shot by Bo Horvat.
13:31 of 2nd period - Shot Misses the Net.
13:33 of 2nd period - Shot by Marc-Edouard Vlasic.
13:33 of 2nd period - Stopped by Brian Elliott with a rebound.
13:38 of 2nd period - Icing by Chris Tanev.
13:39 of 2nd period - Brad Richards wins face-off versus Aleksander Barkov in Rangers zone.
14:26 of 2nd period - Alex Petrovic is hit by Brad Richards and loses puck.
14:48 of 2nd period - Icing by Marc-Edouard Vlasic.
14:49 of 2nd period - Connor McDavid wins face-off versus Bo Horvat in Oilers zone.
14:50 of 2nd period - Shot by Tomas Tatar.
14:50 of 2nd period - Stopped by Martin Jones without a rebound.
14:51 of 2nd period - Connor McDavid wins face-off versus Bo Horvat in Oilers zone.
14:56 of 2nd period - Shot by Tomas Tatar.
14:56 of 2nd period - Shot Misses the Net.
16:39 of 2nd period - Off-side.
16:40 of 2nd period - Brad Richards wins face-off versus Dominic Moore in neutral zone.
16:45 of 2nd period - Shot by Jaromir Jagr.
16:45 of 2nd period - Stopped by Martin Jones without a rebound.
16:46 of 2nd period - Aleksander Barkov wins face-off versus Brad Richards in Oilers zone.
18:08 of 2nd period - Shot by Jannik Hansen.
18:08 of 2nd period - Deflect By Michael Grabner.
18:08 of 2nd period - Shot Blocked by Fredrik Claesson.
18:18 of 2nd period - Shot by Jannik Hansen.
18:18 of 2nd period - Stopped by Brian Elliott without a rebound.
18:19 of 2nd period - Jay Beagle wins face-off versus Connor McDavid in Rangers zone.
18:26 of 2nd period - Shot by Jay Beagle.
18:26 of 2nd period - Stopped by Brian Elliott without a rebound.
18:27 of 2nd period - Bo Horvat wins face-off versus Connor McDavid in Rangers zone.
18:38 of 2nd period - Shot by Tomas Tatar.
18:38 of 2nd period - Stopped by Martin Jones without a rebound.
18:39 of 2nd period - Jay Beagle wins face-off versus Brad Richards in Oilers zone.
19:20 of 2nd period - Shot by Matt Read.
19:20 of 2nd period - Shot Misses the Net.
19:27 of 2nd period - Icing by Chris Tanev.
19:28 of 2nd period - Bo Horvat wins face-off versus Brad Richards in Rangers zone.
19:58 of 2nd period - Icing by Marco Scandella.
19:59 of 2nd period - Bo Horvat wins face-off versus Connor McDavid in Oilers zone.
Goals for this period are 2 for Oilers vs 0 for Rangers.
Shots for this period are 16 for Oilers vs 8 for Rangers.

3rd period


0:01 of 3rd period - Aleksander Barkov wins face-off versus Craig Smith in neutral zone.
0:29 of 3rd period - Off-side.
0:30 of 3rd period - Brad Richards wins face-off versus Bo Horvat in neutral zone.
0:37 of 3rd period - Shot by Benoit Pouliot.
0:37 of 3rd period - Stopped by Martin Jones without a rebound.
0:38 of 3rd period - Bo Horvat wins face-off versus Brad Richards in Oilers zone.
0:50 of 3rd period - Bo Horvat is hit by Chris Tanev and loses puck.
1:03 of 3rd period - Shot by Benoit Pouliot.
1:03 of 3rd period - Goal by Benoit Pouliot - Oilers : 2 - Rangers : 3.
1:04 of 3rd period - Connor McDavid wins face-off versus Aleksander Barkov in neutral zone.
1:13 of 3rd period - Shot by Brad Marchand.
1:13 of 3rd period - Shot Blocked by Karl Alzner.
1:22 of 3rd period - Off-side.
1:23 of 3rd period - Jay Beagle wins face-off versus Benoit Pouliot in neutral zone.
1:32 of 3rd period - Shot by Matt Read.
1:32 of 3rd period - Stopped by Brian Elliott with a rebound.
1:46 of 3rd period - Shot by Benoit Pouliot.
1:46 of 3rd period - Stopped by Martin Jones without a rebound.
1:47 of 3rd period - Connor McDavid wins face-off versus Bo Horvat in Oilers zone.
2:03 of 3rd period - Off-side.
2:04 of 3rd period - Brad Richards wins face-off versus Aleksander Barkov in neutral zone.
2:48 of 3rd period - Benoit Pouliot is hit by Mattias Ekholm and loses puck.
3:01 of 3rd period - Craig Smith is hit by Blake Wheeler and loses puck.
3:13 of 3rd period - Tomas Tatar is hit by Marc-Edouard Vlasic and loses puck.
3:30 of 3rd period - Shot by Tomas Tatar.
3:30 of 3rd period - Shot Misses the Net.
3:32 of 3rd period - Shot by Karl Alzner.
3:32 of 3rd period - Shot Misses the Net.
3:36 of 3rd period - Shot by Connor McDavid.
3:36 of 3rd period - Shot Misses the Net.
3:38 of 3rd period - Shot by Craig Smith.
3:38 of 3rd period - Shot Blocked by Brian Campbell.
4:02 of 3rd period - Shot by Tyler Ennis.
4:02 of 3rd period - Stopped by Martin Jones without a rebound.
4:03 of 3rd period - Brad Richards wins face-off versus Jay Beagle in Oilers zone.
4:16 of 3rd period - Shot by Matt Read.
4:16 of 3rd period - Stopped by Brian Elliott without a rebound.
4:17 of 3rd period - Sean Couturier wins face-off versus Dominic Moore in Rangers zone.
4:24 of 3rd period - Shot by Tyler Ennis.
4:24 of 3rd period - Deflect By Sean Couturier.
4:24 of 3rd period - Shot Blocked by Scottie Upshall.
4:26 of 3rd period - Shot by Fredrik Claesson.
4:26 of 3rd period - Stopped by Martin Jones with a rebound.
4:38 of 3rd period - Shot by Sean Couturier.
4:38 of 3rd period - Stopped by Martin Jones without a rebound.
4:39 of 3rd period - Connor McDavid wins face-off versus Jay Beagle in Oilers zone.
5:10 of 3rd period - Shot by Matt Read.
5:10 of 3rd period - Stopped by Brian Elliott with a rebound.
5:12 of 3rd period - Shot by Jay Beagle.
5:12 of 3rd period - Stopped by Brian Elliott without a rebound.
5:13 of 3rd period - Aleksander Barkov wins face-off versus Benoit Pouliot in Rangers zone.
5:55 of 3rd period - Shot by Brad Richards.
5:55 of 3rd period - Deflect By Benoit Pouliot.
5:55 of 3rd period - Shot Misses the Net.
5:57 of 3rd period - Shot by Brad Richards.
5:57 of 3rd period - Goal by Brad Richards - Oilers : 2 - Rangers : 4.
5:58 of 3rd period - Bo Horvat wins face-off versus Connor McDavid in neutral zone.
6:42 of 3rd period - Shot by Jannik Hansen.
6:42 of 3rd period - Shot Misses the Net.
7:30 of 3rd period - Shot by Matt Calvert.
7:30 of 3rd period - Shot Misses the Net.
7:32 of 3rd period - Shot by Joel Edmundson.
7:32 of 3rd period - Stopped by Martin Jones without a rebound.
7:33 of 3rd period - Aleksander Barkov wins face-off versus Brad Richards in Oilers zone.
9:42 of 3rd period - Shot by Connor McDavid.
9:42 of 3rd period - Shot Misses the Net.
9:44 of 3rd period - Shot by Alex Goligoski.
9:44 of 3rd period - Stopped by Martin Jones with a rebound.
10:29 of 3rd period - Off-side.
10:30 of 3rd period - Sean Couturier wins face-off versus Aleksander Barkov in neutral zone.
10:41 of 3rd period - Shot by Brad Marchand.
10:41 of 3rd period - Stopped by Brian Elliott without a rebound.
10:42 of 3rd period - Sean Couturier wins face-off versus Dominic Moore in Rangers zone.
10:44 of 3rd period - Minor Penalty to Scottie Upshall for Hooking.
10:45 of 3rd period - Cedric Paquette wins face-off versus Jay Beagle in Oilers zone.
10:56 of 3rd period - Shot by Benoit Pouliot.
10:56 of 3rd period - Shot Blocked by Mattias Ekholm.
11:20 of 3rd period - Shot by Chris Tanev.
11:20 of 3rd period - Shot Blocked by Marco Scandella.
11:53 of 3rd period - Jaromir Jagr is hit by Marc-Edouard Vlasic and loses puck.
13:10 of 3rd period - Jaromir Jagr is hit by Alex Petrovic.
13:13 of 3rd period - Brad Richards is hit by Nicklas Grossmann and loses puck.
13:37 of 3rd period - Matthew Nieto is hit by Tyler Ennis and loses puck.
13:50 of 3rd period - Shot by Matt Calvert.
13:50 of 3rd period - Stopped by Martin Jones with a rebound.
13:52 of 3rd period - Shot by Karl Alzner.
13:52 of 3rd period - Stopped by Martin Jones with a rebound.
13:54 of 3rd period - Shot by Sean Couturier.
13:54 of 3rd period - Deflect By Tyler Ennis.
13:54 of 3rd period - Stopped by Martin Jones with a rebound.
14:04 of 3rd period - Shot by Brad Richards.
14:04 of 3rd period - Shot Misses the Net.
14:06 of 3rd period - Shot by Mark Letestu.
14:06 of 3rd period - Stopped by Martin Jones without a rebound.
14:07 of 3rd period - Aleksander Barkov wins face-off versus Connor McDavid in Oilers zone.
14:18 of 3rd period - Connor McDavid is hit by Blake Wheeler and loses puck.
14:29 of 3rd period - Shot by Aleksander Barkov.
14:29 of 3rd period - Shot Misses the Net.
14:31 of 3rd period - Shot by Blake Wheeler.
14:31 of 3rd period - Stopped by Brian Elliott with a rebound.
14:37 of 3rd period - Shot by Blake Wheeler.
14:37 of 3rd period - Shot Misses the Net.
15:11 of 3rd period - Shot by Jaromir Jagr.
15:11 of 3rd period - Shot Misses the Net.
15:16 of 3rd period - Icing by Marc-Edouard Vlasic.
15:17 of 3rd period - Jay Beagle wins face-off versus Brad Richards in Oilers zone.
15:32 of 3rd period - Karl Alzner is hit by Marc-Edouard Vlasic and loses puck.
15:50 of 3rd period - Shot by Matt Read.
15:50 of 3rd period - Deflect By Justin Williams.
15:50 of 3rd period - Shot Misses the Net.
16:08 of 3rd period - Shot by Bo Horvat.
16:08 of 3rd period - Shot Misses the Net.
16:10 of 3rd period - Shot by Marco Scandella.
16:10 of 3rd period - Goal by Marco Scandella - Oilers : 3 - Rangers : 4.
16:11 of 3rd period - Aleksander Barkov wins face-off versus Sean Couturier in neutral zone.
16:18 of 3rd period - Shot by Aleksander Barkov.
16:18 of 3rd period - Shot Blocked by Sean Couturier.
16:24 of 3rd period - Shot by Blake Wheeler.
16:24 of 3rd period - Stopped by Brian Elliott without a rebound.
16:25 of 3rd period - Bo Horvat wins face-off versus Connor McDavid in Rangers zone.
16:33 of 3rd period - Icing by Fredrik Claesson.
16:34 of 3rd period - Connor McDavid wins face-off versus Aleksander Barkov in Rangers zone.
16:47 of 3rd period - Shot by Connor McDavid.
16:47 of 3rd period - Stopped by Martin Jones without a rebound.
16:48 of 3rd period - Bo Horvat wins face-off versus Sean Couturier in Oilers zone.
16:48 of 3rd period - Bo Horvat is hit by Tyler Ennis.
17:08 of 3rd period - Shot by Bo Horvat.
17:08 of 3rd period - Stopped by Brian Elliott without a rebound.
17:09 of 3rd period - Connor McDavid wins face-off versus Jay Beagle in Rangers zone.
17:41 of 3rd period - Shot by Tomas Tatar.
17:41 of 3rd period - Shot Blocked by Matt Read.
17:45 of 3rd period - Shot by Tomas Tatar.
17:45 of 3rd period - Shot Misses the Net.
18:19 of 3rd period - Shot by Benoit Pouliot.
18:19 of 3rd period - Stopped by Martin Jones without a rebound.
18:20 of 3rd period - Bo Horvat wins face-off versus Sean Couturier in Oilers zone.
18:29 of 3rd period - Shot by Matt Calvert.
18:29 of 3rd period - Shot Misses the Net.
18:51 of 3rd period - Shot by Sean Couturier.
18:51 of 3rd period - Shot Blocked by Marco Scandella.
19:15 of 3rd period - Shot by Karl Alzner.
19:15 of 3rd period - Stopped by Martin Jones without a rebound.
19:16 of 3rd period - Aleksander Barkov wins face-off versus Craig Smith in Oilers zone.
19:23 of 3rd period - Oilers, Martin Jones is pulled from the net.
19:56 of 3rd period - Icing by Alex Goligoski.
19:57 of 3rd period - Aleksander Barkov wins face-off versus Craig Smith in Rangers zone.
Goals for this period are 1 for Oilers vs 2 for Rangers.
Shots for this period are 9 for Oilers vs 16 for Rangers.